 Dungeon Crawl Stone Soup version 0.24.0-37-gcf1ca852f1 (webtiles) character file.

Game seed: 7347036298380250751, levelgen mode: deterministic

189 Delamore the Chopper (level 5, -6/45 HPs)
             Began as a Hill Orc Fighter on Nov 30, 2019.
             Killed from afar by an orc wizard (12 damage)
             ... with a magic dart
             ... on level 4 of the Dungeon.
             The game lasted 00:02:27 (2461 turns).

Delamore the Chopper (Hill Orc Fighter)             Turns: 2461, Time: 00:02:27

Health: -6/45      AC:  6    Str: 20    XL:     5   Next: 68%
Magic:  5/5        EV:  7    Int: 12    God:
Gold:   115        SH:  9    Dex: 10    Spells: 4/4 levels left

rFire    . . .     SeeInvis .   a - +0 war axe
rCold    . . .     Gourm    .   c - +0 shield
rNeg     . . .     Faith    .   b - +0 scale mail
rPois    .         Spirit   .   (no helmet)
rElec    .         Reflect  .   (no cloak)
rCorr    .         Harm     .   (no gloves)
MR       .....                  (no boots)
Stlth    ..........             (no amulet)
HPRegen  0.15/turn              p - +4 ring of intelligence
MPRegen  0.09/turn              (no ring)

@: no status effects
A: no striking features
a: no special abilities


You were on level 4 of the Dungeon.
You were not hungry.

You visited 1 branch of the dungeon, and saw 4 of its levels.

You collected 115 gold pieces.

Inventory:

Hand Weapons
 a - a +0 war axe (weapon)
Missiles
 n - 5 javelins (quivered)
Armour
 b - a +0 scale mail (worn)
 c - a +0 shield (worn)
Jewellery
 p - a +4 ring of intelligence (left hand)
Scrolls
 e - 4 scrolls of amnesia {unknown}
 g - 3 scrolls of identify {unknown}
 l - a scroll of fog {unknown}
 m - a scroll of noise {unknown}
 r - a scroll of magic mapping {unknown}
 t - a scroll of remove curse {unknown}
 u - a scroll of enchant weapon {unknown}
Potions
 d - 2 potions of might
 h - 3 potions of curing
 i - a potion of mutation {unknown}
 j - a potion of lignification {unknown}
 k - a potion of invisibility {unknown}
 q - a potion of magic {unknown}
 s - a potion of flight {unknown}
 v - a potion of ambrosia {unknown}
Comestibles
 f - 4 rations
 o - 4 chunks of flesh


   Skills:
 - Level 3.6 Fighting
 + Level 7.6 Axes
 - Level 3.2 Armour
 - Level 3.2 Shields


You had 4 spell levels left.
You didn't know any spells.
Your spell library was empty.

Dungeon Overview and Level Annotations

Branches:
Dungeon (4/15)
 Temple: D:4-7

Altars:

Annotations:
D:3 1 runed translucent door, Crazy Yiuf


Message History

You hear some strange, mumbled words.
Something tries to affect you, but you resist.
You miss something.
You hear some strange, mumbled words.
A magic dart appears from out of thin air!
The magic dart hits you!
* * * LOW HITPOINT WARNING * * *
You miss something. Something hits you but does no damage.
You barely miss something. Something hits you.
* * * LOW HITPOINT WARNING * * *
You hit something. Something hits you but does no damage.
Your shield and scale mail prevent you from hitting something.
Something completely misses you. Something hits you but does no damage.
You closely miss something. Something hits you but does no damage.
You miss something. Something hits you but does no damage.
You closely miss something.
You hear some strange, mumbled words.
A magic dart appears from out of thin air!
The magic dart hits you!
You die...

############
###...........
#.....#######.
####.###)##### #@...#
#.....# ####
######{##.###รท###.#
..##.####....)<##....)#
#.#
#.##...........####.###
#.# ##.#######.###.##
#.# #.#
##...######.###.# #.#
#.# #.....a.o.o...#.#
#. #^#
#....##.#####.#.# ...
#.# #{..###.#
#.#.##.### #.#


There were no monsters in sight!

Vanquished Creatures
  A howler monkey (D:4)
  A hound (D:3)
  A worker ant (D:3)
  3 adders (D:2)
  3 dart slugs
  2 leopard geckos (D:2)
  6 orcs
  3 ball pythons
  9 bats
  2 giant cockroaches
  4 goblins
  6 hobgoblins
  5 kobolds
  5 frilled lizards
  3 rats
54 creatures vanquished.

Notes
Turn   | Place    | Note
-------+----------+-------------------------------------------
     0 | D:1      | Delamore the Hill Orc Fighter began the quest for the Orb.
     0 | D:1      | Reached XP level 1. HP: 19/19 MP: 1/1
    20 | D:1      | Reached skill level 3 in Axes
    85 | D:1      | Reached XP level 2. HP: 25/26 MP: 2/2
   172 | D:1      | Reached skill level 4 in Axes
   470 | D:2      | Reached XP level 3. HP: 26/31 MP: 3/3
   611 | D:2      | Reached skill level 5 in Axes
   764 | D:2      | Reached XP level 4. HP: 19/39 MP: 4/4
  1375 | D:3      | Found a runed translucent door.
  1376 | D:3      | Noticed Crazy Yiuf
  1890 | D:4      | Reached skill level 6 in Axes
  2036 | D:4      | Reached XP level 5. HP: 38/45 MP: 5/5
  2070 | D:3      | Reached skill level 7 in Axes
  2461 | D:4      | Killed from afar by an orc wizard

Levels and vault maps discovered:
D:1:      lightli_molten_gateway, layout_basic
D:2:      layout_basic
D:3:      layout_basic, uniq_crazy_yiuf_cottage
D:4:      layout_loops_ring, first_ration, nicolae_zen_rock_garden,
          nicolae_dithmenos_through_a_glass_darkly

Skill      XL: |  1  2  3  4  5 |
---------------+----------------+-----
Axes           | 3 4 5 6 7 |  7.6
Fighting       | |  3.6
Armour         | |  3.2
Shields        | |  3.2

Action                   |  1- 3 |  4- 6 || total
-------------------------+-------+-------++-------
Melee: War axe           |    96 |    94 ||   190
  Use: Potion            |       |     1 ||     1
  Eat: Chunk             |       |     5 ||     5
Armor: Scale mail        |    54 |    49 ||   103
Dodge: Dodged            |    37 |    28 ||    65
Block: Shield            |    54 |    40 ||    94
